cohdb
Replays
Latest Replays
All Replays
Popular Replays
Top Player Replays
Match Explorer
How It Works
Community
CoH3 Stats
Reddit
Sign in to upload your games and track your stats! →
Sign in with Steam
Match 38035647
Unlisted
Match 38035647
Overview
Messages
Build Orders
End
Kradschützen Motorcycle Team
Panzerpioneer Squad
Selects Italian Infantry
Construct Light Support Kompanie
MG34 Team
Fire Support Elements
250 Light Carrier
Flakvierling Half-track
Vehicle Survival Package
Selects Guastatori Squad
Guastatori Squad
Panzerjäger Mechanized Group
Construct Panzerarmee Kommand
Selects Defensive Operations
Flak 36 Anti-tank Gun Team
Panzer III L Medium Tank
Selects L6/40 Light Tank Combat Group
Selects Towed Cannone da 105/28 Field Howitzer
Walking Stuka Rocket Launcher
Panzer III L Medium Tank
Walking Stuka Rocket Launcher
Selects Prepared Positions
Selects Propaganda War
Flak 36 Anti-tank Gun Team
Propaganda War
Boneless
ValiantHawk
STALKER4732
kit.ohume
0
0
Comments
sign in to comment!
No comments posted yet!